 Dungeon Crawl Stone Soup version 0.14-a0-736-g2a71271 (webtiles) character file.

88 JacquesDerrida the Chiller (level 3, 22/24 HPs)
             Began as a Demonspawn Ice Elementalist on Nov 7, 2013.
             Quit the game on Level 2 of the Dungeon.
             The game lasted 00:01:53 (693 turns).

JacquesDerrida the Chiller (DsIE)                    Turns: 693, Time: 00:01:53

HP  22/24        AC  2     Str  9      XL: 3   Next: 23%
MP   2/5         EV 12     Int 16      God:
Gold 51          SH  0     Dex 13      Spells:  1 memorised,  3 levels left

Res.Fire  : x . .   See Invis. : .   (no weapon)
Res.Cold  : + . .   Warding    : .   a - +0 robe
Life Prot.: . . .   Conserve   : .   (no shield)
Res.Poison: .       Res.Corr.  : .   (no helmet)
Res.Elec. : .       Clarity    : .   (no cloak)
Sust.Abil.: . .     Spirit.Shd : +   (no gloves)
Res.Mut.  : .       Stasis     : .   (no boots)
Res.Rott. : .       Flight     : .   (no amulet)
Saprovore : . . .                    (no ring)
                                     d - ring of ice

@: not resistant to hostile enchantments, fairly stealthy
A: talons 1, magic shield
a: no special abilities


You were on level 2 of the Dungeon.
You were not hungry.

You visited 1 branch of the dungeon, and saw 2 of its levels.

You collected 51 gold pieces.

Inventory:

Armour
 a - a +0 robe (worn)
Comestibles
 c - a bread ration
 g - 3 chunks of hobgoblin flesh
 k - a meat ration
Scrolls
 e - 3 scrolls of enchant weapon II {unknown}
 f - a scroll of teleportation {unknown}
 j - 3 scrolls of remove curse {unknown}
 l - a scroll of identify {unknown}
 m - a scroll of noise {unknown}
Jewellery
 d - a ring of ice (left hand)
Potions
 h - 2 potions of curing {unknown}
 i - a potion of degeneration {unknown}
 n - a potion of heal wounds {unknown}
Books
 b - a book of Frost

   Spells                             Type                      Level
   *Freeze                            Ice                          1
   Throw Frost                        Conjuration/Ice              2
   Ozocubu's Armour                   Charms/Ice                   3
   Throw Icicle                       Conjuration/Ice              4
   Summon Ice Beast                   Ice/Summoning                4
   Condensation Shield                Ice                          4


   Skills:
 - Level 1.7 Dodging
 - Level 1.7 Stealth
 - Level 1.0 Spellcasting
   Level 1.0 Conjurations
 + Level 3.9 Ice Magic


You had 3 spell levels left.
You knew the following spells:

 Your Spells              Type           Power        Failure   Level  Hunger
a - Freeze                Ice            ###.         6%          1    ##.....


Dungeon Overview and Level Annotations

Branches:
Dungeon (2/27)

Altars:


Innate Abilities, Weirdness & Mutations

You have sharp toenails.
When hurt, damage is shared between your health and your magic reserves.


Message History

Casting: Freeze
Confirm with . or Enter, or press ? or * to list all spells.
Aiming: Freeze
Press: ? - help, Shift-Dir - straight line, f - adder
Aim: an adder You feel a surge of power!
You freeze the adder.
The adder seems to slow down.
The adder is severely wounded.
Casting: Freeze
Confirm with . or Enter, or press ? or * to list all spells.
Aiming: Freeze
Press: ? - help, Shift-Dir - straight line, f/p - adder
Aim: an adder (severely wounded, moving slowly)
You feel a surge of power!
You freeze the adder.
You kill the adder!
You have reached level 3!
Your experience leads to an increase in your attributes!
Increase (S)trength, (I)ntelligence, or (D)exterity?
You feel stronger.
Your demonic ancestry asserts itself...
You feel your magical essence form a protective shroud around your flesh.
Are you sure you want to abandon this character and quit the game? (Confirm with "yes".)

######## #......#
#.####@# #.# #%# #.# #..
##.#####################
#.......................
########################
........<. ########.#
........


There were no monsters in sight!

Vanquished Creatures
  An adder (D:2)
  2 giant geckos (D:1)
  3 goblins (D:1)
  6 hobgoblins (D:1)
  A kobold (D:1)
  A ball python (D:1)
  3 bats (D:1)
  A giant cockroach (D:1)
  5 giant newts (D:1)
  2 rats (D:1)
25 creatures vanquished.

Notes
Turn   | Place    | Note
--------------------------------------------------------------
     0 | D:1      | JacquesDerrida, the Demonspawn Ice Elementalist, began the quest for the Orb.
     0 | D:1      | Reached XP level 1. HP: 13/13 MP: 3/3
   101 | D:1      | Reached skill level 3 in Ice Magic
   154 | D:1      | Gained mutation: You have sharp toenails. [demonic ancestry]
   154 | D:1      | Reached XP level 2. HP: 19/19 MP: 1/4
   692 | D:2      | Gained mutation: When hurt, damage is shared between your health and your magic reserves. [demonic ancestry]
   692 | D:2      | Reached XP level 3. HP: 22/24 MP: 2/5
   693 | D:2      | Quit the game

Action                   || total
-------------------------++-------
Melee: Unarmed           ||     8
 Cast: Freeze            ||    33
